 Dungeon Crawl Stone Soup version 0.30.0-29-ga12c61a403 (webtiles) character file.

Game seed: 8621312011694293603

15873 BiteMe the Arsonist (level 12, -3/74 HPs)
             Began as a Demonspawn Fire Elementalist on June 24, 2023.
             Was an Elder of Vehumet.
             Killed themself with a badly aimed concussive blast (15 damage)
             ... on level 11 of the Dungeon on June 25, 2023.
             The game lasted 02:56:55 (20541 turns).

BiteMe the Arsonist (Demonspawn Fire Elementalist) Turns: 20541, Time: 02:56:56

Health: -3/74      AC: 13    Str: 10    XL:     12   Next: 5%
Magic:  7/26       EV: 13    Int: 27    God:    Vehumet [****..]
Gold:   748        SH:  0    Dex: 13    Spells: 5/31 levels left

rFire   + . .        M - staff of fire
rCold   . . .        (no shield)
rNeg    . . .        c - +1 acid dragon scales
rPois   .            (helmet restricted)
rElec   .            J - +2 cloak
rCorr   +            Q - +0 pair of gloves
SInv    .            (no boots)
Will    .....        (no amulet)
Stlth   +            h - ring of wizardry
HPRegen 0.32/turn    B - +6 ring of intelligence
MPRegen 0.20/turn

%: wizardry (x1)
@: no status effects
A: horns 2, ignite blood 3, demonic magic 1
a: Renounce Religion


You were on level 11 of the Dungeon.
You worshipped Vehumet.
Vehumet was greatly pleased with you.
You visited 1 branch of the dungeon, and saw 11 of its levels.

You collected 2366 gold pieces.
You spent 1618 gold pieces at shops.

Inventory:

Hand Weapons
 t - a +1 war axe of electrocution
 w - a +4 long sword of freezing
 A - a +1 trident of freezing
Missiles
 k - 6 silver boomerangs
 Y - 5 silver javelins (quivered)
Armour
 a - a +2 scale mail of fire resistance
 c - +1 acid dragon scales (worn)
 m - a +0 buckler
 J - a +2 cloak (worn)
 L - an orb of mayhem
 Q - a +0 pair of gloves (worn)
Magical Staves
 M - a staff of fire (weapon)
Jewellery
 h - a ring of wizardry (left hand)
 u - a ring of ice
 y - a ring of ice
 B - a +6 ring of intelligence (right hand)
Wands
 s - a wand of flame (88)
 C - a wand of paralysis (22)
 G - a wand of light (2)
 K - a wand of digging (12)
 V - a wand of polymorph (5)
Scrolls
 d - a scroll of silence {unknown}
 e - 6 scrolls of teleportation
 f - 2 scrolls of enchant weapon {unknown}
 o - 3 scrolls of poison
 p - 2 scrolls of fear
 q - a scroll of vulnerability {unknown}
 z - a scroll of fog {unknown}
 F - a scroll of magic mapping {unknown}
 I - a scroll of blinking
 P - 2 scrolls of amnesia
Potions
 b - 5 potions of heal wounds
 g - a potion of flight {unknown}
 i - 2 potions of lignification
 j - a potion of berserk rage {unknown}
 l - a potion of magic
 n - 3 potions of invisibility {unknown}
 r - 3 potions of degeneration {unknown}
 v - 4 potions of ambrosia
 E - a potion of resistance {unknown}
 O - 3 potions of brilliance {unknown}
 S - a potion of might {unknown}
 W - 3 potions of curing


   Skills:
 - Level 1.0 Long Blades
 + Level 1.0 Throwing
 * Level 6.3 Armour
 * Level 5.8 Dodging
 - Level 1.7 Stealth
 + Level 10.3 Spellcasting
 * Level 6.1 Conjurations
 + Level 1.4 Hexes
 - Level 1.5 Translocations
 * Level 11.1 Fire Magic
 - Level 0.6 Air Magic
 * Level 1.0 Poison Magic


You had 5 spell levels left.
You knew the following spells:

 Your Spells              Type           Power      Damage    Failure   Level
a - Foxfire               Conj/Fire      100%       2x1d9     1%          1
b - Scorch                Fire           100%       2d9       1%          2
c - Inner Flame           Hex/Fire       64%        N/A       1%          3
d - Volatile Blastmotes   Fire/Tloc      100%       2d18      1%          3
e - Flame Wave            Conj/Fire      74%        2d16      1%          4
f - Blink                 Tloc           44%        N/A       1%          2
g - Mephitic Cloud        Conj/Pois/Air  27%        N/A       1%          3
h - Tukima's Dance        Hex            21%        N/A       4%          3
i - Ignite Poison         Fire/Tmut/Pois 52%        N/A       1%          3
j - Poisonous Vapours     Pois/Air       36%        N/A       1%          2

Your spell library contained the following spells:

 Spells                   Type           Power      Damage    Failure   Level
 Fireball                 Conj/Fire      37%        3d15      1%          5
 Cigotuvi's Dreadful Rot  Necr/Pois/Air  32%        N/A       3%          2
 Freezing Cloud           Conj/Ice/Air   13%        6-21      8%          5
 Manifold Assault         Tloc           22%        N/A       13%         4
 Passage of Golubria      Tloc           22%        N/A       13%         4
 Yara's Violent Unravell  Hex/Tmut       8%         3d5       14%         5
 Storm Form               Tmut/Air       7%         N/A       100%        7


Dungeon Overview and Level Annotations

Branches:
Dungeon (11/15)            Temple (0/1) D:6            Lair (0/5) D:11
    Orc (0/2) D:11

Altars:
Dithmenos
Fedhas
Gozag
Hepliaklqana
Kikubaaqudgha
Nemelex Xobeh
Trog
Uskayaw
Vehumet
Wu Jian
Xom

Shops:
D:3 (   D:7 =   D:8 =:*

Annotations:
D:9 3 transporters


Innate Abilities, Weirdness & Mutations

You have a pair of horns on your head.
Your demonic aura causes all spilled blood to erupt in flames.
Spells you cast may paralyse adjacent enemies.


Message History

The concussive blast engulfs you! You resist.
You are knocked back by the blast.
Things that are here:
4 large rocks; a cyclops corpse
Casting: Volatile Blastmotes (safe; 1% risk of failure)
Confirm with . or Enter, or press ? or * to list all spells.
You feel a surge of power!
A cloud of volatile blastmotes flares up around you!
Malevolent energies surge around you.
The cloud of blastmotes explodes!
The concussive blast engulfs the two-headed ogre!
The two-headed ogre is heavily wounded.
The concussive blast engulfs you! You resist.
* * * LOW HITPOINT WARNING * * *
You are knocked back by the blast.
Casting: Volatile Blastmotes (safe; 1% risk of failure)
Confirm with . or Enter, or press ? or * to list all spells.
You feel a surge of power!
A cloud of volatile blastmotes flares up around you!
Malevolent energies surge around you.
The two-headed ogre attacks as you move away!
The two-headed ogre hits you with a +0 giant spiked club.
* * * LOW HITPOINT WARNING * * *
The two-headed ogre hits you with a +0 giant club.
* * * LOW HITPOINT WARNING * * *
The cloud of blastmotes explodes!
The concussive blast engulfs the two-headed ogre!!
The two-headed ogre is almost dead.
There is an open door, spattered with blood here.
You see here 3 large rocks.
Casting: Volatile Blastmotes (safe; 1% risk of failure)
Confirm with . or Enter, or press ? or * to list all spells.
You feel a surge of power!
A cloud of volatile blastmotes flares up around you!
Malevolent energies surge around you.
The cloud of blastmotes explodes!
The concussive blast engulfs the two-headed ogre.
The two-headed ogre is almost dead.
The concussive blast engulfs you! You resist.
You die...

######### #..>....#
#.......#########
'......@O...(...########
#.......#######....[...#
#.......# ####.######..
#......)# #....# ###
#.......# #.#### #
####..... .. ..##...#
..# #.#


You could see a two-headed ogre.

Vanquished Creatures
  Harold (D:10)
  Erica (D:8)
  2 two-headed ogres (D:11)
  Pikel (D:5)
  An ugly thing (D:10)
  A manticore (shapeshifter) (D:10)
  2 cyclopes (D:11)
  2 komodo dragons (D:11)
  A tengu conjurer (D:10)
  4 trolls
  A queen bee (D:11)
  2 hornets
  A wyvern (D:9)
  2 steam dragons
  20 yaks
  A vampire mosquito (D:11)
  Edmund (D:6)
  2 acid dragons
  6 water moccasins (D:11)
  2 sky beasts
  3 black bears
  An orc warrior (D:11)
  2 ogres
  11 centaurs
  4 lemures (D:5)
  A phantom (D:5)
  2 bullfrogs
  2 scorpions
  22 wights
  29 killer bees
  A howler monkey (D:10)
  A lava snake (D:7)
  A hound (D:4)
  4 jellies
  An orc priest (D:11)
  A sleepcap (D:6)
  An iguana (D:6)
  5 orc wizards
  7 gnolls
  5 adders
  A shadow imp (D:8)
  A white imp (D:8)
  An ufetubus (D:5)
  4 worms
  2 dart slugs
  31 orcs
  11 endoplasms
  8 giant cockroaches
  5 goblins
  7 hobgoblins
  9 jackals
  A quokka (D:3)
  4 ball pythons
  5 bats
  3 frilled lizards
  4 kobolds
  7 rats
262 creatures vanquished.

Vanquished Creatures (collateral kills)
  14 foxfires
14 creatures vanquished.

Vanquished Creatures (others)
  A human (D:6)
  669 foxfires
670 creatures vanquished.

Grand Total: 946 creatures vanquished

Notes
Turn   | Place    | Note
-------+----------+-------------------------------------------
     0 | D:1      | BiteMe the Demonspawn Fire Elementalist began the quest for
                  | the Orb.
     0 | D:1      | Reached XP level 1. HP: 13/13 MP: 3/3
     1 | D:1      | Found a runed translucent door.
   811 | D:1      | Gained mutation: You have a pair of small horns on your
                  | head. [demonic ancestry]
   811 | D:1      | Reached XP level 2. HP: 19/19 MP: 3/5
  1248 | D:1      | Reached skill level 3 in Fire Magic
  1602 | D:1      | Found a faded altar of an unknown god.
  1765 | D:1      | Reached XP level 3. HP: 15/24 MP: 3/6
  3518 | D:3      | Found a blossoming altar of Fedhas.
  3841 | D:3      | Found a radiant altar of Vehumet.
  3848 | D:3      | Gained mutation: Spells you cast may paralyse adjacent
                  | enemies. [demonic ancestry]
  3848 | D:3      | Reached XP level 4. HP: 28/30 MP: 5/8
  3859 | D:3      | Became a worshipper of Vehumet
  3955 | D:3      | Found Qaebaw's Antique Weapon Emporium.
  4331 | D:3      | Reached skill level 1 in Armour
  4741 | D:4      | Learned a level 2 spell: Scorch
  4763 | D:4      | Gained mutation: Your demonic aura sometimes causes spilled
                  | blood to erupt in flames. [demonic ancestry]
  4763 | D:4      | Reached XP level 5. HP: 23/35 MP: 1/9
  4863 | D:4      | HP: 1/35 [orc/bolt (9)]
  5479 | D:4      | Noticed a black bear
  5489 | D:4      | Killed a black bear
  5490 | D:4      | Reached XP level 6. HP: 31/41 MP: 1/11
  5607 | D:4      | Reached skill level 4 in Fire Magic
  6061 | D:4      | Reached * piety under Vehumet
  6061 | D:4      | Offered knowledge of Kiss of Death by Vehumet.
  6290 | D:4      | Reached XP level 7. HP: 46/46 MP: 10/13
  6762 | D:4      | Found a shadowy altar of Dithmenos.
  6885 | D:5      | Entered Level 5 of the Dungeon
  6887 | D:5      | Found an ornate altar of the Wu Jian Council.
  6963 | D:5      | Found a hide-covered altar of Uskayaw.
  7428 | D:5      | Noticed Pikel
  7459 | D:6      | Reached skill level 5 in Fire Magic
  7775 | D:6      | Reached skill level 5 in Spellcasting
  7775 | D:6      | Reached XP level 8. HP: 47/52 MP: 7/15
  7972 | D:6      | Noticed Edmund
  7984 | D:6      | Killed Edmund
  8128 | D:6      | Found a staircase to the Ecumenical Temple.
  8279 | D:6      | Found an ancient bone altar of Kikubaaqudgha.
  8575 | D:6      | Reached skill level 6 in Fire Magic
  8825 | D:6      | Reached ** piety under Vehumet
  8830 | D:6      | Offered knowledge of Static Discharge by Vehumet.
  9939 | D:5      | Killed Pikel
  9940 | D:5      | Reached skill level 7 in Fire Magic
  9940 | D:5      | Gained mutation: Your demonic aura often causes spilled
                  | blood to erupt in flames. [demonic ancestry]
  9940 | D:5      | Reached XP level 9. HP: 57/57 MP: 9/18
 10737 | D:7      | Learned a level 3 spell: Inner Flame
 10741 | D:7      | Learned a level 3 spell: Volatile Blastmotes
 10746 | D:7      | Learned a level 4 spell: Flame Wave
 10826 | D:7      | Reached skill level 1 in Long Blades
 10831 | D:7      | Found an opulent altar of Gozag.
 11900 | D:7      | Found Efeappif's Jewellery Shoppe.
 12039 | D:7      | Found a shimmering altar of Xom.
 12421 | D:8      | Noticed Erica
 12476 | D:8      | Killed Erica
 12477 | D:8      | Reached skill level 8 in Fire Magic
 12550 | D:8      | Found Haarruat's Jewellery Boutique.
 12578 | D:9      | Found a transporter.
 13023 | D:8      | HP: 2/56 [wight/+0 great sword (13)]
 13038 | D:8      | Gained mutation: Your demonic aura causes all spilled blood
                  | to erupt in flames. [demonic ancestry]
 13038 | D:8      | Reached XP level 10. HP: 25/63 MP: 1/21
 13287 | D:8      | Identified 2 scrolls of acquirement
 13355 | D:7      | Acquired 1013 gold pieces
 13361 | D:7      | Acquired 658 gold pieces
 13366 | D:7      | Bought a ring of wizardry for 480 gold pieces
 13366 | D:7      | Bought a +6 ring of intelligence for 576 gold pieces
 13371 | D:7      | Learned a level 2 spell: Blink
 13375 | D:7      | Learned a level 3 spell: Mephitic Cloud
 13379 | D:7      | Learned a level 3 spell: Tukima's Dance
 13553 | D:8      | Found Tuosk's Neck Hole.
 13560 | D:8      | Bought a +2 cloak for 198 gold pieces
 13903 | D:8      | Found Coox's Book Boutique.
 13915 | D:8      | Bought a Trismegistus Codex for 364 gold pieces
 13924 | D:8      | Learned a level 3 spell: Ignite Poison
 13943 | D:8      | Reached skill level 5 in Conjurations
 14201 | D:8      | Found a hazy altar of Hepliaklqana.
 14598 | D:9      | Found a transporter.
 14629 | D:9      | Found a transporter.
 14641 | D:9      | Found a transporter.
 14773 | D:9      | Found a bloodstained altar of Trog.
 14802 | D:9      | Reached skill level 9 in Fire Magic
 15123 | D:9      | Offered knowledge of Frozen Ramparts by Vehumet.
 15125 | D:9      | Reached skill level 1 in Hexes
 15180 | D:9      | Reached skill level 5 in Armour
 15208 | D:9      | Reached skill level 5 in Dodging
 15621 | D:10     | Entered Level 10 of the Dungeon
 16087 | D:10     | Noticed Harold
 16124 | D:10     | Killed Harold
 16543 | D:10     | Reached skill level 1 in Translocations
 16543 | D:10     | Gained mutation: You have a pair of horns on your head.
                  | [demonic ancestry]
 16543 | D:10     | Reached XP level 11. HP: 66/68 MP: 15/23
 16947 | D:10     | Noticed a green ugly thing
 16968 | D:10     | Killed a green ugly thing
 17313 | D:10     | Reached *** piety under Vehumet
 17314 | D:10     | Reached skill level 10 in Fire Magic
 17650 | D:10     | Found a sparkling altar of Nemelex Xobeh.
 18106 | D:11     | Reached skill level 1 in Throwing
 18205 | D:11     | Found a staircase to the Orcish Mines.
 18282 | D:11     | Offered knowledge of Sticky Flame by Vehumet.
 19057 | D:11     | Reached **** piety under Vehumet
 19318 | D:11     | Offered knowledge of Fireball by Vehumet.
 19513 | D:11     | Noticed a two-headed ogre
 19522 | D:11     | Killed a two-headed ogre
 19527 | D:11     | Reached skill level 10 in Spellcasting
 19775 | D:11     | Found a staircase to the Lair.
 20008 | D:11     | Learned a level 2 spell: Poisonous Vapours
 20400 | D:11     | Noticed a two-headed ogre
 20410 | D:11     | Killed a two-headed ogre
 20411 | D:11     | Reached skill level 11 in Fire Magic
 20502 | D:11     | Reached XP level 12. HP: 50/74 MP: 12/26
 20528 | D:11     | Reached skill level 1 in Poison Magic
 20531 | D:11     | Noticed a two-headed ogre
 20541 | D:11     | Killed themself with a badly aimed concussive blast

Illustrated notes

Levels and vault maps discovered:
D:1:      dpeg_arrival_caged_fury, layout_basic,
          hellmonk_ecumenical_altar_dog_temple, serial_curves, eino_curves_03,
          eino_curves_04, serial_park_tiny_2, minmay_unequal
D:2:      layout_basic
D:3:      layout_loops_corners, overflow_temple_1_default,
          vehumet_altar_wand_db, serial_shops, shop, moated_statue
D:4:      layout_loops_ring, nicolae_dithmenos_through_a_glass_darkly,
          minmay_gold_behind_fungi, nicolae_nh_ransacked_shop
D:5:      layout_basic, nicolae_wu_jian_wuxing_cycle, kennysheep_little_box,
          nicolae_uskayaw_dance_hall, hex_tiny, minmay_strange_pillars,
          kb_lookout_dungeons_type, uniq_pikel
D:6:      layout_rooms, tgw_kikubaaqudgha, temple_pool_b, uniq_edmund
D:7:      layout_cave_pods, mainiacjoe_overflow_paths,
          mainiacjoe_overflow_small_starburst, xom_butterflies,
          lemuel_coloured_pillars_altar, serial_shops,
          nicolae_shop_just_a_little_nook, kennysheep_generic_room_6
D:8:      layout_rooms, mainiacjoe_overflow_alcove_4, kennysheep_mini,
          serial_shops, nicolae_shop_temple_entry_statues_fountains,
          nicolae_shop_gaudy_bauble, nicolae_shop_sticking_my_neck_out,
          uniq_erica
D:9:      layout_basic, mainiacjoe_overflow_catwalk, nicolae_transporter_circle
D:10:     layout_gridville, lemuel_round_altar, minmay_bent, uniq_harold
D:11:     layout_roguey [special_room_bee], due_lair_maze_entry_diamond,
          david_orc_2, minmay_starry_boxes

Skill      XL: |  1  2  3  4  5  6  7  8  9 10 11 12 |
---------------+-------------------------------------+-----
Fire Magic     | 3 4 5 7 8 9 11 | 11.1
Dodging        | 2 3 4 5 |  5.8
Armour         | 1 2 3 4 5 6 |  6.3
Spellcasting   | 3 4 5 6 7 8 10 | 10.3
Conjurations   | 2 3 4 5 6 |  6.1
Long Blades    | 1 |  1.0
Hexes          | 1 |  1.4
Translocations | 1 |  1.5
Throwing       | 1 |  1.0
Poison Magic   | 1 |  1.0
Stealth        | |  1.7
Air Magic      | |  0.6

Action                     |  1- 3 |  4- 6 |  7- 9 | 10-12 || total
---------------------------+-------+-------+-------+-------++-------
  Melee: Unarmed           |     2 |       |       |       ||     2
         Short sword       |    24 |       |       |       ||    24
         Headbutt          |     2 |     1 |     4 |     8 ||    15
         Long sword        |       |    12 |    20 |       ||    32
         Staff             |       |       |     2 |    25 ||    27
         Trident           |       |       |       |     4 ||     4
  Throw: Boomerang         |       |       |       |    14 ||    14
         Javelin           |       |       |       |    19 ||    19
   Cast: Foxfire           |    88 |    56 |   117 |   135 ||   396
         Scorch            |       |     9 |    90 |    99 ||   198
         Volatile Blastmot |       |       |     4 |    38 ||    42
         Flame Wave        |       |       |     2 |     4 ||     6
         Mephitic Cloud    |       |       |       |    22 ||    22
         Tukima's Dance    |       |       |       |     3 ||     3
         Blink             |       |       |       |     2 ||     2
         Inner Flame       |       |       |       |     2 ||     2
  Evoke: Wand              |       |       |     4 |     2 ||     6
    Use: Potion            |     2 |     1 |     1 |     2 ||     6
         Scroll            |       |       |    11 |     6 ||    17
   Stab: Sleeping          |       |       |     1 |       ||     1
         Paralysed         |       |       |     3 |     4 ||     7
 Armour: Robe              |    12 |     2 |     5 |       ||    19
         Acid dragon scale |       |       |     2 |    31 ||    33
  Dodge: Dodged            |    76 |     9 |    47 |    67 ||   199
